 Dungeon Crawl Stone Soup version 0.14.2 (console) character file.

1606757 casual the Sorcerer (level 27, 287/287 HPs)
             Began as a Human Hunter on Oct 5, 2016.
             Was a High Priest of Cheibriados.
             Escaped with the Orb
             ... and 3 runes on Oct 9, 2016!
             The game lasted 04:10:29 (91841 turns).

casual the Sorcerer (Human Hunter)                 Turns: 91841, Time: 04:10:29

HP 287/287       AC 32     Str 30      XL: 27
MP  21/42        EV 24     Int 33      God: Cheibriados [*****.]
Gold 3864        SH 20     Dex 24      Spells: 13 memorised, 26 levels left

rFire  + + .     SeeInvis .       - Unarmed
rCold  + . .     Clarity  .     f - melded +0 troll leather armour
rNeg   + . .     Conserve +     i - +1 buckler {rC+ rF+}
rPois  +         rCorr    +     (helmet restricted)
rElec  +         rRot     +     a - +2 cloak {rCorr, Cons}
SustAb . .       Spirit   .     l - melded +1 pair of gloves {Dex+3}
rMut   +         Warding  .     A - melded +0 pair of boots of Pandemonium {+Fly rC+ MR++}
Saprov . . .     Stasis   .     z - amulet of resist mutation
MR     +++..                    K - ring of protection from magic
                                u - ring of Phoomoqa {Wiz rF+ Dam+2}

@: statue-form, repel missiles, regenerating, stone skin, flying, very slow,
extremely resistant to hostile enchantments, unstealthy
A: beak, blurry vision 1, fast metabolism 1, low mp 1, slow healing 1
a: End Transformation, Bend Time, Temporal Distortion, Slouch, Step From Time,
Renounce Religion
0: Orb of Zot
}: 3/15 runes: decaying, serpentine, silver


You escaped.
You worshipped Cheibriados.
Cheibriados was extremely pleased with you.
You were very full.
You were a stone statue.
You visited 11 branches of the dungeon, and saw 61 of its levels.
You visited the Abyss 4 times.
You also visited: Labyrinth and Ice Cave.

You collected 9551 gold pieces.
You spent 5687 gold pieces at shops.

Inventory:

Hand weapons
 F - a +0,+2 morningstar of distortion
Missiles
 o - 9 javelins (quivered)
Armour
 a - a +2 cloak of preservation (worn)
 f - a +0 troll leather armour (melded)
 i - a +1 buckler of resistance (worn)
 l - a +1 pair of gloves of dexterity (melded)
 A - the cursed +0 pair of boots of Pandemonium (melded) {+Fly rC+ MR++}
   (You found it on level 5 of the Vaults)

   It protects you from cold.
   It affects your resistance to hostile enchantments.
   It lets you fly.
   It has a curse placed upon it.
Magical devices
 m - a wand of teleportation (6)
 n - a wand of heal wounds (7)
 p - a wand of teleportation (7)
 O - a wand of digging (14)
Comestibles
 L - 20 meat rations
Scrolls
 c - a scroll of noise
 g - 11 scrolls of identify
 h - 4 scrolls of immolation
 k - a scroll of teleportation
 x - 7 scrolls of magic mapping
 y - 2 scrolls of enchant armour
 D - 2 scrolls of fog
 G - a scroll of silence
 J - 15 scrolls of remove curse
 R - 3 scrolls of blinking
 W - a scroll of fear
 X - a scroll of summoning
Jewellery
 j - the amulet "Fraal" {Ward rPois rF+ MR+}
   (You found it on level 5 of the Crypt)

   [amulet of warding]

   It protects you from fire.
   It protects you from poison.
   It affects your resistance to hostile enchantments.
 r - an uncursed ring of protection from fire
 t - an uncursed ring of flight
 u - the ring of Phoomoqa (left hand) {Wiz rF+ Dam+2}
   (You bought it in a shop on level 3 of the Orcish Mines)

   [ring of wizardry]

   It affects your damage with ranged weapons and melee attacks (+2).
   It protects you from fire.
 v - an uncursed ring of teleportation
 w - an uncursed ring of regeneration
 z - an amulet of resist mutation (around neck)
 C - an uncursed ring of protection from cold
 K - a ring of protection from magic (right hand)
 T - an uncursed ring of sustenance {unknown}
 V - an uncursed ring of sustenance {unknown}
 Z - an uncursed amulet of the gourmand
Potions
 e - 5 potions of restore abilities
 q - a potion of invisibility
 H - 9 potions of brilliance
 I - 7 potions of resistance
 N - 14 potions of curing
 Q - 7 potions of agility
 Y - 3 potions of magic
Magical staves
 b - an uncursed staff of energy {!a}
 B - a cursed staff of wizardry {!a}


   Skills:
 - Level 19.0 Fighting
   Level 1.0 Short Blades
 - Level 4.0 Throwing
 - Level 5.8 Armour
 - Level 21.2 Dodging
 - Level 2.0 Stealth
 - Level 15.4 Shields
 - Level 10.2 Unarmed Combat
 - Level 21.8 Spellcasting
 + Level 20.0 Conjurations
 - Level 3.1 Charms
 - Level 3.2 Necromancy
 - Level 9.9 Transmutations
 + Level 20.2 Ice Magic
 - Level 9.9 Earth Magic
 - Level 14.6 Invocations
 + Level 10.2 Evocations


You had 26 spell levels left.
You knew the following spells:

 Your Spells              Type           Power        Failure   Level  Hunger
a - Statue Form           Trmt/Erth      #######...   1%          6    None
b - Stoneskin             Trmt/Erth      #######...   1%          2    None
c - Regeneration          Chrm/Necr      ######....   1%          3    None
d - Flight                Chrm/Air       #####.....   1%          3    None
e - Blink                 Tloc           N/A          1%          2    None
f - Passwall              Trmt/Erth      #######...   1%          3    None
g - Repel Missiles        Chrm/Air       #####.       1%          2    None
h - Cause Fear            Hex            #####.....   4%          4    None
i - Apportation           Tloc           #####.....   1%          1    None
j - Passage of Golubria   Tloc           N/A          4%          4    None
k - Magic Dart            Conj           ####         0%          1    None
m - Ozocubu's Armour      Chrm/Ice       #######...   1%          3    None
z - Glaciate              Conj/Ice       ########..   9%          9    #####..


Dungeon Overview and Level Annotations

Branches:
Dungeon (15/15)            Temple (1/1) D:4             Orc (4/4) D:12
    Elf (3/3) Orc:3          Lair (8/8) D:9           Swamp (5/5) Lair:5
  Snake (5/5) Lair:5        Slime (0/6) Lair:6       Vaults (5/5) D:14
  Blade (0/1) Vaults:3      Crypt (5/5) Vaults:3       Tomb (0/3) Crypt:2
    Zot (5/5) Depths:5     Depths (5/5) D:15

Altars:
Ashenzari
Cheibriados
Dithmenos
Elyvilon
Fedhas
Kikubaaqudgha
Makhleb
Nemelex Xobeh
Okawaru
Sif Muna
Trog
Vehumet
Xom
Yredelemnul
Zin
The Shining One
Beogh
Jiyva

Shops:
D:15 [(*   Orc:3 (=!}%   Orc:4 *!}:   Elf:3 [   Snake:3 =   Snake:4 =

Portals:
Hell: Lair:8 Depths:1 Depths:2 Depths:3 Depths:4 Depths:5
Abyss: Depths:2 Depths:4 Depths:5
Pandemonium: Depths:3
Ziggurat: Depths:2

Annotations:
D:5 Prince Ribbit
Lair:2 exclusion: oklob plant


Innate Abilities, Weirdness & Mutations

You have a beak for a mouth.*
Your vision is a little blurry.
You have a fast metabolism.
Your magical capacity is low (-10% MP).
You heal slowly when monsters are visible.


Message History

The cursed +0 pair of boots of Pandemonium {+Fly rC+ MR++} melds into your body.
Your +0 troll leather armour melds into your body.
Casting: Statue Form
Confirm with . or Enter, or press ? or * to list all spells.
Your stone body feels more resilient.
Casting: Stoneskin
Confirm with . or Enter, or press ? or * to list all spells.
Your skin crawls.
Casting: Regeneration
Confirm with . or Enter, or press ? or * to list all spells.
You fly up into the air.
Casting: Flight
Confirm with . or Enter, or press ? or * to list all spells.
You can't see any susceptible monsters within range! (Use Z to cast anyway.)
Casting: Flight
Confirm with . or Enter, or press ? or * to list all spells.
Aiming: Glaciate
Press: ? - help, Shift-Dir - straight line You conjure a mighty blast of ice!
You have escaped!

▒▒·▒▒▒▒▒▒▒
▒·▒ ▒·▒ ▒·▒
▒▒▒▒▒▒ ▒·▒
▒▒♣≈≈§▒▒▒·▒
▒··♣§§§▒▒·▒
▒▒▒§§♣♣♣▒▒·▒
▒8§§§§§§§··▒
▒▒▒§§♣♣♣▒▒▒▒
▒··♣§§§▒
▒▒♣≈≈§▒▒
▒▒▒▒▒▒


There were no monsters in sight!

Vanquished Creatures
  11 orbs of fire
  Mara (twice) (Snake:4)
  6 ancient liches
  Saint Roka (Vaults:5)
  A curse toe (Zot:5)
  Sojobo (Crypt:2)
  Margery (Crypt:2)
  Norris (Vaults:1)
  A Killer Klown (Zot:5)
  Mennas (Crypt:2)
  13 golden dragons
  2 Brimstone Fiends
  14 bone dragons
  Frederick (Vaults:2)
  Nikola (Swamp:1)
  3 electric golems (Zot:5)
  A pandemonium lord (Zot:5)
  A hellephant (Abyss:1)
  14 liches
  A Hell Sentinel (Abyss:1)
  Asterion (Depths:3)
  2 quicksilver dragons
  23 Orb Guardians
  14 tentacled monstrosities
  2 deep elf blademasters (Elf:3)
  6 titans
  2 deep elf master archers (Elf:3)
  12 storm dragons
  16 tentacled starspawn
  A daeva (Abyss:1)
  9 sphinxes
  Rupert (D:14)
  7 thorn hunters
  Frances (Swamp:5)
  6 shadow dragons
  2 Executioners
  4 draconian monks
  A spectral weapon (Depths:3)
  7 ancient champions
  5 tengu reavers
  Roxanne (Elf:3)
  9 greater nagas
  2 revenants
  4 ghost moths
  A draconian scorcher (Zot:3)
  5 draconian knights
  Wiglaf (Swamp:4)
  3 iron dragons
  18 vault wardens
  Maud (D:14)
  5 fire giants
  5 ghouls
  A balrug (Abyss:1)
  13 frost giants
  Aizul (Swamp:3)
  Louise (Elf:2)
  An orc warlord (Vaults:4)
  12 deep elf sorcerers
  3 draconian zealots
  An octopode crusher (Depths:3)
  Gastronok (D:8)
  2 war gargoyles (Vaults:5)
  3 emperor scorpions
  A cacodemon (Zot:5)
  2 reapers
  4 draconian callers
  2 draconian shifters
  13 deep elf demonologists
  31 stone giants
  A spriggan defender (Depths:4)
  6 green draconians
  5 vampire knights
  3 grey draconians
  3 red draconians (Zot:4)
  Azrael (Snake:3)
  3 yellow draconians
  3 curse skulls
  9 dire elephants
  16 deep elf annihilators
  5 white draconians
  6 black draconians
  4 purple draconians
  A mottled draconian (Zot:5)
  13 eidola
  A blizzard demon (D:7)
  12 deep elf death magi
  Snorg (Lair:8)
  A mummy priest (Crypt:2)
  3 minotaurs
  2 crystal guardians
  16 yaktaur captains
  3 deep elf high priests
  13 ettins
  16 vault guards
  13 jiangshi
  6 great orbs of eyes
  7 spriggan air magi
  24 fire dragons
  19 ice dragons
  10 death cobs
  24 hydras
  Harold (D:11)
  14 naga warriors
  19 ironheart preservers
  13 ogre magi
  4 ravenous feature mimics
  4 dancing weapons
  12 rakshasas
  A ravenous item mimic (Depths:2)
  A shambling mangrove (Swamp:5)
  Erica (Orc:4)
  7 vampire magi
  10 anacondas
  6 deep dwarf death knights
  18 death yaks
  6 tengu warriors
  16 deep troll earth magi
  A spriggan assassin (Depths:4)
  8 deep troll shamans
  5 thrashing horrors
  8 shock serpents
  8 spectral elves
  8 alligators
  A titan zombie (Crypt:4)
  13 centaur warriors
  3 plague shamblers
  A spectral storm dragon (Crypt:1)
  5 orc high priests (Orc:4)
  5 hell hogs (Abyss:1)
  Urug (Orc:2)
  14 naga sharpshooters
  2 catoblepae
  9 spriggan berserkers
  A quicksilver dragon simulacrum (Crypt:1)
  3 storm dragon zombies
  Nergalle (Orc:2)
  27 very ugly things
  12 spriggans
  Erolcha (Orc:2)
  3 sun demons
  4 soul eaters
  12 wretched stars
  A fire crab (Vaults:3)
  14 hell knights
  8 iron trolls
  4 spatial maelstroms (Abyss:1)
  17 deep elf knights
  7 flayed ghosts
  37 skeletal warriors
  2 sea snakes (Snake:5)
  A storm dragon skeleton (Crypt:2)
  4 salamander mystics
  6 giant orange brains
  4 death drakes
  20 ironbrand convokers
  A golden dragon zombie (Depths:2)
  4 shadow wraiths
  33 large abominations
  An anaconda zombie (Crypt:1)
  2 spriggan druids
  A deep troll (shapeshifter) (Abyss:1)
  2 lindwurms
  A swamp dragon (shapeshifter) (Depths:2)
  A giant orange brain (shapeshifter) (Depths:3)
  10 freezing wraiths
  30 deep trolls
  11 swamp dragons
  12 deep elf summoners
  9 naga ritualists
  2 spectral humans (Vaults:1)
  A torturous demonspawn (Depths:3)
  Pikel (D:5)
  3 unseen horrors
  3 flaming corpses
  3 wizards
  Joseph (D:11)
  A mana viper (shapeshifter) (Vaults:4)
  20 phantasmal warriors
  22 orc knights
  19 deep elf conjurers
  16 harpies
  An oklob plant (Lair:2)
  13 hill giants
  A draconian zombie (Zot:2)
  13 necromancers
  4 wolf spiders
  A cyclops (shapeshifter) (Depths:3)
  2 sphinx skeletons
  A wolf spider zombie (Crypt:4)
  A stone giant zombie (Crypt:1)
  4 hellions
  3 spectral ice dragons (Crypt:1)
  2 shining eyes (Abyss:1)
  2 frost giant zombies
  3 cyclopes
  A fire giant zombie (Crypt:2)
  5 griffons
  13 worldbinders
  2 spectral fire dragons (Crypt:1)
  5 red wasps
  17 mana vipers
  A manticore (shapeshifter) (Vaults:2)
  19 moths of wrath
  An octopode (shapeshifter) (Vaults:1)
  6 orc sorcerers
  A shock serpent zombie (Crypt:1)
  12 salamanders
  6 sixfirhies
  5 manticores
  2 stone giant skeletons (Crypt:1)
  3 hell beasts
  A frost giant skeleton (Crypt:4)
  3 apocalypse crabs
  7 molten gargoyles
  A titan simulacrum (Crypt:4)
  5 elephants
  16 vault sentinels
  42 black mambas
  A storm dragon simulacrum (Crypt:1)
  A mermaid (shapeshifter) (Vaults:1)
  4 guardian serpents
  24 spiny frogs
  A black draconian zombie (Crypt:2)
  2 tormentors
  7 orange demons
  Psyche (Orc:2)
  An item mimic (Orc:4)
  3 vapours (Depths:4)
  A dire elephant skeleton (Crypt:2)
  11 smoke demons
  29 naga magi
  A kobold demonologist (Vaults:2)
  3 tengu conjurers
  A purple draconian zombie (Crypt:4)
  An iron troll zombie (Vaults:2)
  A yaktaur (shapeshifter) (Depths:2)
  72 yaktaurs
  A red draconian zombie (Crypt:1)
  A shock serpent skeleton (Crypt:1)
  4 red devils
  11 komodo dragons
  2 demonic crawlers
  2 fire drakes (shapeshifter)
  The ghost of ulrikemeinhof the Reanimator, an experienced DENe of Sif Muna (D:8)
  2 gargoyles
  An anaconda simulacrum (Crypt:1)
  7 guardian mummies (Crypt:2)
  5 efreet
  2 ghoul skeletons (Crypt:5)
  10 giant leeches
  20 deep elf priests
  8 hellwings
  A sea snake skeleton (Crypt:4)
  5 blue devils
  7 trolls
  17 boggarts
  2 iron devils
  16 giant fireflies
  3 fire vortices (Depths:4)
  A grey draconian skeleton (Crypt:1)
  4 wind drakes
  5 silent spectres
  Sonja (D:11)
  15 ancient zymes (Abyss:1)
  8 fire drakes
  3 polar bears
  2 polar bears (shapeshifter)
  3 hydra zombies
  2 harpy skeletons
  2 hydra skeletons
  2 raiju (shapeshifter)
  5 baby alligators
  A baby alligator (shapeshifter) (Depths:4)
  15 boulder beetles
  2 orc zombies (Abyss:1)
  2 wind drakes (shapeshifter)
  A jumping spider (Elf:2)
  A spectral manticore (Crypt:3)
  18 slime creatures
  An ettin zombie (Crypt:1)
  2 griffon zombies
  23 bog bodies
  A moth of wrath zombie (Zot:5)
  29 blink frogs
  2 fire dragon zombies
  A spriggan zombie (Depths:2)
  2 fire giant simulacra
  25 raiju
  31 two-headed ogres
  24 ravens
  A brown ooze (shapeshifter) (Depths:3)
  31 deep elf magi
  A trapdoor spider (D:14)
  11 air elementals
  7 thorn lotuses
  4 basilisks
  7 vampires
  8 fire elementals
  3 wyverns
  12 ynoxinuls
  A fire dragon skeleton (Crypt:1)
  2 griffon skeletons (D:13)
  A hog (shapeshifter) (Elf:2)
  11 shadows
  20 flying skulls
  8 redbacks
  10 water elementals
  51 yaks
  An ettin skeleton (Vaults:2)
  15 wraiths
  2 black mamba zombies (Crypt:4)
  A hippogriff (shapeshifter) (Vaults:5)
  A tarantella (Elf:2)
  A hill giant zombie (D:13)
  A human (shapeshifter) (Elf:2)
  A steam dragon (shapeshifter) (Vaults:4)
  6 hippogriffs
  43 deep elf fighters
  8 hungry ghosts
  A redback simulacrum (Vaults:1)
  82 ugly things
  4 golden eyes (Abyss:1)
  11 neqoxecs
  10 wolves
  10 chaos spawn
  A shark (Elf:3)
  An emperor scorpion simulacrum (Crypt:1)
  A yaktaur simulacrum (Vaults:2)
  58 nagas
  4 mottled dragons
  24 vampire mosquitoes
  Edmund (D:4)
  A red draconian simulacrum (Crypt:3)
  4 spatial vortices (Abyss:1)
  A raven zombie (Crypt:1)
  5 necrophages
  A faun zombie (Crypt:3)
  2 spiny frog zombies
  7 wargs
  A water nymph zombie (Crypt:1)
  44 small abominations
  21 swamp worms
  8 hell hounds
  An iron troll simulacrum (Vaults:2)
  40 water moccasins
  A merfolk zombie (Crypt:1)
  8 porcupines
  A deep troll skeleton (Crypt:4)
  A spiny frog skeleton (Crypt:3)
  7 giant goldfish
  8 spiders (Snake:2)
  2 black bears
  An infernal demonspawn skeleton (Crypt:5)
  A manticore zombie (D:13)
  A slave (D:5)
  4 human zombies
  A mermaid zombie (Crypt:4)
  54 orc warriors
  4 phantoms
  A swamp dragon zombie (Crypt:5)
  15 ice beasts
  A black bear (shapeshifter) (Depths:4)
  4 sky beasts
  13 swamp drakes
  An alligator simulacrum (Crypt:1)
  21 crocodiles
  2 boring beetles (shapeshifter)
  31 starcursed masses
  4 wandering mushrooms (Lab)
  A big kobold (shapeshifter) (Vaults:3)
  A hog zombie (Crypt:5)
  63 ogres
  28 centaurs
  4 snapping turtle zombies
  A vampire mosquito zombie (Vaults:2)
  A lindwurm skeleton (Crypt:4)
  2 lost souls (Crypt:5)
  Duvessa (D:5)
  A lava worm (D:9)
  2 boring beetles
  6 ugly thing zombies
  A vampire mosquito skeleton (D:13)
  A chimera zombie (Crypt:5)
  10 giant slugs
  2 big kobolds
  Blork the orc (D:4)
  2 yaktaur skeletons
  A brain worm (Abyss:1)
  4 earth elementals (Depths:4)
  19 giant frogs
  A giant slug zombie (D:14)
  A cyclops zombie (D:13)
  A tengu simulacrum (D:15)
  2 wyvern zombies
  A cyclops skeleton (D:13)
  23 insubstantial wisps
  10 killer bees
  2 scorpions (D:13)
  2 wyvern skeletons
  3 yak zombies (D:11)
  2 hippogriff zombies (D:13)
  9 wights
  A troll skeleton (D:10)
  A troll zombie (D:13)
  4 eyes of draining
  A shapeshifter skeleton (D:13)
  2 electric eels
  A lava snake (D:9)
  2 goliath beetles
  7 quasits
  12 big fish
  3 elf zombies
  10 jellies
  Dowan (D:5)
  11 crimson imps
  3 centaur zombies
  A basilisk zombie (D:13)
  13 iron imps
  Crazy Yiuf (D:6)
  A basilisk skeleton (D:13)
  A giant frog zombie (D:7)
  41 orc priests
  12 hounds
  A human skeleton (Crypt:2)
  6 iguanas
  2 two-headed ogre zombies
  2 elf skeletons
  A giant frog skeleton (Crypt:3)
  11 worker ants
  24 orc wizards
  A two-headed ogre skeleton (D:13)
  8 orange rats
  A brain worm zombie (D:15)
  An ogre zombie (D:4)
  12 sheep
  2 naga zombies
  An ogre skeleton (D:7)
  3 mottled dragon skeletons
  2 hound zombies
  A hound skeleton (Crypt:5)
  A mummy (Crypt:2)
  9 gnolls
  30 adders
  55 green rats
  5 shadow imps
  A sky beast simulacrum (D:9)
  2 orc skeletons
  10 worms
  2 giant mites
  8 white imps
  A goliath beetle zombie (Crypt:2)
  2 worms (shapeshifter)
  11 ufetubi
  3 adder skeletons
  An adder zombie (D:6)
  2 iguana skeletons
  4 giant eyeballs
  14 giant geckos
  2 oozes
  211 orcs
  29 bats
  4 giant cockroaches
  23 goblins
  33 hobgoblins
  22 jackals
  8 quokkas
  5 ball pythons
  9 giant newts
  A giant newt zombie (D:5)
  A green rat zombie (Crypt:4)
  A hobgoblin zombie (Crypt:1)
  25 kobolds
  A kobold simulacrum (Abyss:1)
  A lava orc zombie (Crypt:3)
  A lurking horror (Abyss:2)
  A quokka zombie (D:7)
  32 rats
  12 ballistomycetes
  A block of ice (Depths:3)
  A briar patch (Swamp:4)
  A butterfly (Depths:2)
  9 crawling corpses
  2 fungi
  3 plants
  6 starspawn tentacles
3795 creatures vanquished.

Vanquished Creatures (others)
  An ancient lich (Vaults:5)
  A bone dragon (Zot:3)
  An Orb Guardian (Zot:5)
  2 storm dragons (Vaults:5)
  A titan (Vaults:5)
  A tengu reaver (Vaults:5)
  A shadow dragon (Vaults:5)
  A fire giant (Depths:3)
  A frost giant (Vaults:5)
  A vault warden (Vaults:5)
  A draconian zealot (Abyss:1)
  A vampire knight (Depths:5)
  A black draconian (Zot:5)
  A blizzard demon (Abyss:1)
  A deep elf death mage (Vaults:5)
  24 vault guards (Vaults:5)
  An ettin (Vaults:5)
  A great orb of eyes (Vaults:5)
  2 yaktaur captains (Vaults:5)
  2 hydras (Swamp:5)
  A spriggan air mage (Depths:4)
  A human zombie (Crypt:2)
  2 ironheart preservers (Vaults:5)
  2 ogre magi (Vaults:5)
  A spriggan berserker (Depths:4)
  A large abomination (Abyss:1)
  A mana viper (shapeshifter) (Vaults:5)
  An ironbrand convoker (Vaults:5)
  An orc knight (Vaults:5)
  A mottled draconian zombie (Zot:5)
  2 fire drakes
  A komodo dragon (Depths:5)
  A boggart (Depths:2)
  A fire vortex (Zot:3)
  A giant firefly (Depths:4)
  2 two-headed ogres
  3 ravens
  A spriggan (Depths:4)
  A flying skull (Crypt:1)
  A wraith (D:13)
  A hill giant zombie (D:15)
  A vampire (Crypt:2)
  2 deep elf magi
  3 deep elf fighters
  A vampire mosquito (Vaults:3)
  3 yaks (IceCv)
  A warg (Vaults:5)
  A chaos spawn (Depths:5)
  A naga (Snake:3)
  A wolf (IceCv)
  A spatial vortex (Abyss:1)
  A slave (D:5)
  4 swamp drakes
  A small abomination (Abyss:1)
  A giant goldfish (Swamp:1)
  5 orc warriors
  2 ogres
  5 lost souls
  A giant frog (Swamp:5)
  An ogre skeleton (Crypt:2)
  2 shadow imps
  An adder (Snake:3)
  An ufetubus (Abyss:1)
  9 orcs
  A giant cockroach (D:5)
  A jackal (D:9)
  4 giant spores
  3 kobolds
  3 lurking horrors (Abyss:1)
  11 blocks of ice
  4 butterflies (Depths:2)
  12 fungi
  13 plants
  38 starspawn tentacles
  134 starspawn tentacle segments
346 creatures vanquished.

Grand Total: 4141 creatures vanquished

Notes
Turn   | Place    | Note
--------------------------------------------------------------
     0 | D:1      | casual, the Human Hunter, began the quest for the Orb.
     0 | D:1      | Reached XP level 1. HP: 16/16 MP: 1/1
    77 | D:1      | Reached skill level 1 in Unarmed Combat
   173 | D:1      | Reached XP level 2. HP: 22/22 MP: 2/2
   812 | D:1      | Reached XP level 3. HP: 23/27 MP: 3/3
  1645 | D:2      | Reached XP level 4. HP: 23/33 MP: 1/4
  2114 | D:2      | Found a sparkling altar of Nemelex Xobeh.
  2699 | D:1      | Reached XP level 5. HP: 38/38 MP: 5/5
  2809 | D:1      | Reached skill level 1 in Armour
  4008 | D:3      | Reached XP level 6. HP: 40/44 MP: 6/6
  5478 | D:4      | Reached skill level 5 in Unarmed Combat
  5738 | D:4      | Found a staircase to the Ecumenical Temple.
  5748 | Temple   | Entered the Ecumenical Temple
  5957 | D:4      | Found a bloodstained altar of Trog.
  6344 | D:4      | Noticed a black bear
  6361 | D:4      | Killed a black bear
  6361 | D:4      | Reached XP level 7. HP: 22/51 MP: 4/7
  6541 | D:4      | Noticed Edmund
  6589 | D:4      | Killed Edmund
  7076 | D:4      | Noticed Blork the orc
  7088 | D:4      | Killed Blork the orc
  7255 | D:4      | Paralysed by a giant eyeball for 4 turns
  7266 | D:4      | Reached XP level 8. HP: 60/60 MP: 8/8
  7528 | D:4      | Found a deep blue altar of Sif Muna.
  7596 | D:5      | Entered Level 5 of the Dungeon
  7596 | D:5      | Noticed Duvessa
  7596 | D:5      | Noticed Dowan
  7743 | D:5      | Killed Dowan
  7762 | D:5      | Killed Duvessa
  8638 | D:5      | Found an ancient bone altar of Kikubaaqudgha.
  8676 | D:5      | Reached skill level 5 in Dodging
  8754 | D:5      | Found a shimmering altar of Xom.
  8910 | D:5      | Found a glowing golden altar of the Shining One.
  8910 | D:5      | Found a white marble altar of Elyvilon.
  8910 | D:5      | Found a glowing silver altar of Zin.
  9033 | D:5      | Found an iron altar of Okawaru.
  9257 | D:5      | Reached skill level 5 in Fighting
  9518 | D:6      | Noticed Pikel
  9780 | D:5      | Killed Pikel
  9780 | D:5      | Reached skill level 6 in Dodging
  9780 | D:5      | Reached XP level 9. HP: 19/69 MP: 3/9
 10517 | D:6      | Found a snail-covered altar of Cheibriados.
 10519 | D:6      | Noticed Prince Ribbit
 10525 | D:6      | Noticed Prince Ribbit
 10525 | D:6      | Prince Ribbit changed into Prince Ribbit the spriggan
 10632 | D:6      | Became a worshipper of Cheibriados the Contemplative
 11154 | D:6      | Noticed Crazy Yiuf
 11169 | D:6      | Killed Crazy Yiuf
 11176 | D:6      | Identified a +1 cloak of preservation (You took it off Crazy Yiuf on level 6 of the Dungeon)
 11387 | D:7      | Reached skill level 7 in Dodging
 11855 | D:7      | Reached skill level 8 in Dodging
 12469 | D:7      | Found a radiant altar of Vehumet.
 13288 | D:8      | Reached skill level 9 in Dodging
 13288 | D:8      | Reached XP level 10. HP: 66/76 MP: 8/10
 13352 | D:8      | Noticed Gastronok
 13844 | D:8      | Reached skill level 10 in Dodging
 14493 | D:8      | Noticed ulrikemeinhof's ghost (experienced DENe)
 14521 | D:8      | Killed ulrikemeinhof's ghost
 14961 | D:8      | Killed Gastronok
 14961 | D:8      | Reached skill level 11 in Dodging
 15468 | D:8      | Acquired Cheibriados' first power
 15687 | D:9      | Reached XP level 11. HP: 38/81 MP: 9/18
 15933 | D:9      | Found a staircase to the Lair.
 16415 | D:9      | Acquired Cheibriados' second power
 16455 | D:9      | Noticed a molten gargoyle
 16470 | D:9      | Killed a molten gargoyle
 16488 | D:9      | Noticed a molten gargoyle
 16673 | Lair:1   | Entered Level 1 of the Lair of Beasts
 16842 | D:9      | Reached skill level 5 in Invocations
 16854 | D:9      | HP: 3/81 [komodo dragon (10)]
 17163 | Lair:1   | Found a frozen archway.
 17254 | IceCv    | Entered an ice cave
 18320 | Lair:1   | Reached skill level 12 in Dodging
 19400 | Lair:1   | Reached XP level 12. HP: 86/88 MP: 22/22
 19608 | Lair:1   | Acquired Cheibriados' third power
 19937 | Lair:2   | Found a labyrinth entrance.
 19956 | Lab      | Entered a labyrinth
 20205 | Lab      | Reached skill level 13 in Dodging
 20358 | Lab      | Noticed a minotaur
 20369 | Lab      | Killed a minotaur
 20389 | Lab      | Got a crude ring mail
 20417 | Lab      | Identified the cursed -1 ring mail of Inviolability {Dex-4 Int+4} (You found it in a labyrinth)
 20902 | Lair:2   | Reached skill level 5 in Armour
 21118 | Lair:2   | Reached skill level 10 in Unarmed Combat
 21932 | Lair:2   | Learned a level 6 spell: Statue Form
 21983 | Lair:3   | Reached XP level 13. HP: 94/98 MP: 23/23
 22056 | Lair:3   | Reached skill level 1 in Spellcasting
 22056 | Lair:3   | Reached skill level 1 in Transmutations
 22056 | Lair:3   | Reached skill level 1 in Earth Magic
 23477 | Lair:4   | Found an iron altar of Okawaru.
 24669 | Lair:5   | Got a warped war axe
 24670 | Lair:5   | Identified the +0,+11 war axe of Xom's Esteem {venom, rN+} (You found it on level 5 of the Lair of Beasts)
 24706 | Lair:5   | Found a staircase to the Snake Pit.
 24716 | Lair:5   | Reached skill level 5 in Transmutations
 24716 | Lair:5   | Reached skill level 5 in Earth Magic
 26203 | Lair:5   | Found a staircase to the Swamp.
 26935 | Lair:6   | Found a staircase to the Slime Pits.
 26935 | Lair:6   | Found a viscous altar of Jiyva.
 27210 | Lair:6   | Got a bloodstained chain mail
 27224 | Lair:6   | Identified the cursed -4 chain mail of the Dice {+Fly Str+1 Acc+3} (You found it on level 6 of the Lair of Beasts)
 27891 | Lair:7   | Reached XP level 14. HP: 67/105 MP: 23/23
 28610 | Lair:8   | Entered Level 8 of the Lair of Beasts
 28888 | D:10     | Entered Level 10 of the Dungeon
 29543 | D:11     | Noticed Joseph
 29553 | D:11     | Killed Joseph
 29804 | D:11     | Noticed Harold
 29824 | D:11     | Killed Harold
 30089 | D:11     | Noticed Sonja
 30097 | D:11     | Killed Sonja
 30423 | D:12     | Reached skill level 5 in Spellcasting
 30703 | D:12     | Found a staircase to the Orcish Mines.
 31283 | D:12     | Found a staircase to the Orcish Mines.
 31937 | Orc:1    | Entered Level 1 of the Orcish Mines
 32067 | Orc:2    | Noticed Nergalle
 32071 | Orc:2    | Noticed Erolcha
 32072 | Orc:2    | Killed Nergalle
 32075 | Orc:2    | Killed Erolcha
 32093 | Orc:2    | Found a roughly hewn altar of Beogh.
 32149 | Orc:2    | Noticed Urug
 32161 | Orc:2    | Killed Urug
 32161 | Orc:2    | Reached XP level 15. HP: 110/110 MP: 25/27
 32194 | Orc:2    | Noticed Psyche
 32199 | Orc:2    | Killed Psyche
 32674 | Orc:3    | Found Veaphibb's Weapon Shoppe.
 32799 | Orc:3    | Found Ytheiph's Distillery.
 32968 | Orc:3    | Found Heg Otec's Jewellery Shoppe.
 32971 | Orc:3    | Bought the ring of Phoomoqa {Wiz rF+ Dam+2} for 890 gold pieces
 33154 | Orc:3    | Found Dameac's Gadget Boutique.
 33187 | Orc:3    | Found Yticamn's Food Emporium.
 33225 | Orc:3    | Found a staircase to the Elven Halls.
 33301 | Orc:4    | Entered Level 4 of the Orcish Mines
 33565 | Orc:4    | Noticed Erica
 33574 | Orc:4    | Killed Erica
 34027 | Orc:4    | Gained mutation: You are frail (-10% HP). [a neqoxec]
 34156 | Orc:4    | Found Pneraenoi's Book Emporium.
 34156 | Orc:4    | Found Hetel's Gadget Emporium.
 34158 | Orc:4    | Found Poarghu's Distillery.
 34159 | Orc:4    | Found Yzoor's Assorted Antiques.
 34167 | Orc:4    | Bought a book of Geomancy for 595 gold pieces
 34167 | Orc:4    | Bought a book of Battle for 680 gold pieces
 34171 | Orc:4    | Learned a level 3 spell: Regeneration
 34174 | Orc:4    | Learned a level 2 spell: Stoneskin
 34711 | Lair:8   | Reached skill level 1 in Shields
 34859 | Lair:8   | Noticed Snorg
 34865 | Lair:8   | Killed Snorg
 35134 | Lair:8   | Reached skill level 5 in Shields
 35262 | Lair:8   | Reached skill level 1 in Necromancy
 35277 | Lair:8   | Reached skill level 1 in Charms
 35352 | Lair:8   | Found a burning altar of Makhleb.
 35363 | Lair:8   | Reached XP level 16. HP: 90/105 MP: 11/32
 35377 | Lair:8   | Found a gateway to Hell.
 35600 | Lair:8   | Got a faintly glowing crossbow
 36900 | D:12     | Gained mutation: Your system is resistant to poisons. [potion of mutation]
 36900 | D:12     | Gained mutation: You are agile. (Dex +2) [potion of mutation]
 36900 | D:12     | Gained mutation: Armour fits poorly on your strangely shaped body. [potion of mutation]
 37041 | Orc:4    | Bought a potion of mutation for 45 gold pieces
 37042 | Orc:4    | Gained mutation: You possess an exceptional clarity of mind. [potion of mutation]
 37042 | Orc:4    | Gained mutation: Your digestive system is specialised to digest meat. [potion of mutation]
 37330 | D:13     | Noticed a bone dragon
 37339 | D:13     | Killed a bone dragon
 37627 | D:9      | Noticed a molten gargoyle
 37630 | D:9      | Noticed a molten gargoyle
 37631 | D:9      | Killed a molten gargoyle
 37633 | D:9      | Killed a molten gargoyle
 37636 | D:9      | Killed a molten gargoyle
 37650 | D:9      | Got an ichor-stained longbow
 38226 | D:14     | Reached skill level 10 in Invocations
 38302 | D:14     | Gained mutation: You are very frail (-20% HP). [mutagenic meat]
 38303 | D:14     | Lost mutation: You are agile. (Dex +2) [mutagenic meat]
 38304 | D:14     | Gained mutation: You are clumsy. (Dex -2) [mutagenic meat]
 38305 | D:14     | Gained mutation: You can spit poison. [mutagenic meat]
 38341 | D:14     | Noticed Maud
 38353 | D:14     | Killed Maud
 38373 | D:14     | Found a shimmering altar of Xom.
 38526 | D:14     | Found a gate to the Vaults.
 38596 | D:14     | Noticed Rupert
 38597 | D:14     | Paralysed by Rupert for 3 turns
 38602 | D:14     | Killed Rupert
 39035 | D:14     | Gained mutation: Your mind is acute. (Int +2) [mutagenic meat]
 39101 | D:15     | Entered Level 15 of the Dungeon
 39247 | D:15     | Found Meifair's Antique Armour Emporium.
 39254 | D:15     | Bought a pair of runed gloves for 148 gold pieces
 39356 | D:15     | Found Tojypoto's Assorted Antiques.
 39364 | D:15     | Bought a brown potion for 17 gold pieces
 39364 | D:15     | Bought a glowing fluorescent wand for 76 gold pieces
 39600 | D:15     | Found a staircase to the Depths.
 39634 | D:15     | Found Ilumm's Weapon Boutique.
 39871 | D:14     | Reached XP level 17. HP: 97/97 MP: 23/33
 40224 | Swamp:1  | Entered Level 1 of the Swamp
 40556 | Swamp:1  | Noticed Nikola
 40575 | Swamp:1  | Killed Nikola
 40810 | Swamp:1  | Reached skill level 10 in Spellcasting
 41892 | Swamp:3  | Noticed Aizul
 41893 | Swamp:3  | Reached skill level 14 in Dodging
 41903 | Swamp:3  | Killed Aizul
 43426 | Swamp:4  | Reached skill level 10 in Fighting
 43630 | Swamp:4  | Noticed Wiglaf
 43746 | Swamp:4  | Reached XP level 18. HP: 108/108 MP: 22/35
 44079 | Swamp:4  | Killed Wiglaf
 44234 | Swamp:5  | Entered Level 5 of the Swamp
 44562 | Swamp:5  | Noticed Frances
 44572 | Swamp:5  | Killed Frances
 44982 | Swamp:5  | Got a decaying rune of Zot
 45170 | Swamp:5  | Reached skill level 10 in Shields
 45445 | Snake:1  | Entered Level 1 of the Snake Pit
 46011 | Orc:4    | Bought a book of Minor Magic for 340 gold pieces
 46014 | Orc:4    | Learned a level 2 spell: Repel Missiles
 46017 | Orc:4    | Learned a level 2 spell: Blink
 46021 | Orc:4    | Learned a level 3 spell: Passwall
 46116 | Orc:3    | Bought an uncursed ring of ice for 425 gold pieces
 46560 | Snake:1  | Learned a level 3 spell: Flight
 46565 | Snake:1  | Learned a level 4 spell: Cause Fear
 47439 | Snake:2  | Lost mutation: You can spit poison. [mutagenic meat]
 47440 | Snake:2  | Gained mutation: You have large cloven feet. [mutagenic meat]
 47441 | Snake:2  | Lost mutation: You have large cloven feet. [mutagenic meat]
 48070 | Snake:2  | Reached XP level 19. HP: 113/113 MP: 28/36
 48732 | Snake:3  | Found Zaocischue's Jewellery Shop.
 48746 | Snake:3  | Noticed Azrael
 48751 | Snake:3  | Killed Azrael
 48787 | Snake:3  | Bought an uncursed ring of protection from cold for 325 gold pieces
 49238 | Snake:4  | Noticed Mara
 49239 | Snake:4  | Noticed casual's illusion
 49249 | Snake:4  | Killed Mara
 49259 | Snake:4  | Killed Mara
 49589 | Snake:4  | Lost mutation: You are clumsy. (Dex -2) [mutagenic meat]
 49590 | Snake:4  | Gained mutation: You passively map a small area around you. [mutagenic meat]
 49751 | Snake:4  | Found Odaet's Jewellery Boutique.
 50371 | Snake:5  | Entered Level 5 of the Snake Pit
 50468 | Snake:5  | Reached skill level 15 in Shields
 51014 | Snake:5  | Reached XP level 20. HP: 119/119 MP: 6/37
 51498 | Snake:5  | Reached skill level 15 in Dodging
 51853 | Snake:5  | Got a serpentine rune of Zot
 52449 | Elf:1    | Entered Level 1 of the Elven Halls
 52535 | Elf:1    | Learned a level 1 spell: Apportation
 52540 | Elf:1    | Learned a level 4 spell: Passage of Golubria
 52727 | Elf:1    | Noticed a Brimstone Fiend
 53309 | Elf:2    | Paralysed by an orc sorcerer for 3 turns
 53568 | Elf:2    | Noticed Louise
 53577 | Elf:2    | Killed Louise
 53705 | Elf:2    | Cast into the Abyss (deep elf sorcerer)
 53810 | Elf:2    | Escaped the Abyss
 53961 | Elf:3    | Entered Level 3 of the Elven Halls
 54025 | Elf:3    | Noticed Roxanne
 54031 | Elf:3    | Cast into the Abyss (deep elf sorcerer)
 54245 | Abyss:1  | Reached XP level 21. HP: 45/126 MP: 33/39
 54260 | Abyss:1  | Found a corrupted altar of Lugonu.
 55372 | Abyss:1  | Found a shimmering altar of Xom.
 55479 | Abyss:1  | Reached skill level 15 in Spellcasting
 55611 | Abyss:1  | Found a corrupted altar of Lugonu.
 55760 | Abyss:1  | Gained mutation: You are clumsy. (Dex -2) [a neqoxec]
 55760 | Abyss:1  | Gained mutation: Your magical capacity is low (-10% MP). [a neqoxec]
 55762 | Abyss:1  | Gained mutation: You are extremely frail (-30% HP). [a neqoxec]
 55766 | Abyss:1  | Lost mutation: You possess an exceptional clarity of mind. [potion of cure mutation]
 55766 | Abyss:1  | Lost mutation: Your magical capacity is low (-10% MP). [potion of cure mutation]
 55766 | Abyss:1  | Lost mutation: You are extremely frail (-30% HP). [potion of cure mutation]
 55766 | Abyss:1  | Lost mutation: Your digestive system is specialised to digest meat. [potion of cure mutation]
 55766 | Abyss:1  | Lost mutation: You are very frail (-20% HP). [potion of cure mutation]
 55766 | Abyss:1  | Lost mutation: You are clumsy. (Dex -2) [potion of cure mutation]
 55889 | Abyss:1  | Gained mutation: Your magical capacity is low (-10% MP). [a neqoxec]
 55913 | Abyss:1  | Gained mutation: You have a fast metabolism. [a neqoxec]
 56069 | Abyss:1  | Reached skill level 16 in Spellcasting
 56157 | Abyss:1  | Reached XP level 22. HP: 38/148 MP: 16/36
 56707 | Abyss:1  | Gained mutation: You tend to lose your temper in combat. [a neqoxec]
 56716 | Abyss:1  | Reached skill level 17 in Spellcasting
 56949 | Abyss:1  | Paralysed by accursed screaming for 1 turns
 56951 | Abyss:1  | Paralysed by accursed screaming for 2 turns
 56955 | Abyss:1  | Paralysed by accursed screaming for 2 turns
 57218 | Abyss:1  | Gained mutation: You have large cloven feet. [mutagenic meat]
 57232 | Abyss:1  | Gained mutation: You often lose your temper in combat. [a shining eye]
 57615 | Abyss:2  | Lost mutation: Your magical capacity is low (-10% MP). [a neqoxec]
 57861 | Abyss:2  | Paralysed by accursed screaming for 1 turns
 57895 | Abyss:2  | Found a corrupted altar of Lugonu.
 57974 | Elf:3    | Escaped the Abyss
 57982 | Elf:3    | Killed Roxanne
 57985 | Elf:3    | Identified Roxanne's Reference Book on Earthen Transmigration (You took it off Roxanne on level 3 of the Elven Halls)
 58493 | Swamp:1  | Lost mutation: You have large cloven feet. [potion of cure mutation]
 58493 | Swamp:1  | Lost mutation: You are frail (-10% HP). [potion of cure mutation]
 58493 | Swamp:1  | Lost mutation: You have a fast metabolism. [potion of cure mutation]
 58494 | Swamp:1  | Lost mutation: Armour fits poorly on your strangely shaped body. [potion of cure mutation]
 58494 | Swamp:1  | Lost mutation: Your mind is acute. (Int +2) [potion of cure mutation]
 58494 | Swamp:1  | Lost mutation: You passively map a small area around you. [potion of cure mutation]
 58494 | Swamp:1  | Lost mutation: You often lose your temper in combat. [potion of cure mutation]
 58924 | Orc:4    | Bought a potion of cure mutation for 630 gold pieces
 58925 | Orc:4    | Lost mutation: You tend to lose your temper in combat. [potion of cure mutation]
 58925 | Orc:4    | Lost mutation: Your system is resistant to poisons. [potion of cure mutation]
 59126 | Vaults:1 | Entered Level 1 of the Vaults
 59314 | Vaults:1 | Found a glowing golden altar of the Shining One.
 59445 | Vaults:1 | Reached XP level 23. HP: 173/173 MP: 32/43
 59497 | Vaults:1 | Noticed Norris
 59499 | Vaults:1 | Reached skill level 18 in Spellcasting
 59514 | Vaults:1 | Paralysed by something for 5 turns
 59518 | Vaults:1 | Paralysed by something for 4 turns
 59535 | Vaults:1 | Killed Norris
 60633 | Orc:3    | Bought an uncursed ring of protection from magic for 425 gold pieces
 61433 | Vaults:2 | Noticed Frederick
 61451 | Vaults:2 | Killed Frederick
 62488 | Vaults:2 | Reached XP level 24. HP: 185/185 MP: 37/44
 63269 | Vaults:3 | Found a staircase to the Hall of Blades.
 63329 | Vaults:3 | Paralysed by something for 2 turns
 63331 | Vaults:3 | Paralysed by something for 2 turns
 63333 | Vaults:3 | Found a staircase to the Crypt.
 63611 | Vaults:3 | Reached skill level 19 in Spellcasting
 65289 | Vaults:4 | Cast into the Abyss (ogre mage)
 65353 | Vaults:4 | Escaped the Abyss
 65593 | Vaults:4 | Reached XP level 25. HP: 193/193 MP: 35/45
 65813 | Crypt:1  | Entered Level 1 of the Crypt
 65887 | Crypt:1  | Reached skill level 15 in Fighting
 66995 | Crypt:2  | Paralysed by a sphinx for 7 turns
 67160 | Crypt:2  | Noticed Sojobo
 67191 | Crypt:2  | Killed Sojobo
 67596 | Crypt:2  | Noticed Mennas
 67619 | Crypt:2  | Killed Mennas
 67768 | Crypt:2  | Found a staircase to the Tomb.
 67868 | Crypt:2  | Noticed Margery
 67881 | Crypt:2  | Killed Margery
 68720 | Crypt:3  | Reached skill level 20 in Spellcasting
 68957 | Crypt:3  | Reached XP level 26. HP: 205/205 MP: 36/46
 69410 | Crypt:4  | Noticed an ancient lich
 69754 | Crypt:4  | Killed an ancient lich
 70384 | Crypt:5  | Entered Level 5 of the Crypt
 70628 | Crypt:5  | Noticed an ancient lich
 70846 | Crypt:5  | Killed an ancient lich
 70856 | Crypt:5  | Got a sparkling graven amulet
 70857 | Crypt:5  | Identified the amulet "Fraal" {Ward rPois rF+ MR+} (You found it on level 5 of the Crypt)
 70866 | Crypt:5  | Identified Easy Thaumaturgy (You found it on level 5 of the Crypt)
 70870 | Crypt:5  | Got a slimy silver ring
 70871 | Crypt:5  | Identified the ring "Schus Utoed" {+Inv rPois rF- rN+} (You found it on level 5 of the Crypt)
 70874 | Crypt:5  | Got a warped ivory ring
 70874 | Crypt:5  | Got a wavering bone ring
 70875 | Crypt:5  | Identified the ring "Siseunk" {rN+ Dex+3 Int+3 Dam+4 Stlth+} (You found it on level 5 of the Crypt)
 70905 | Crypt:5  | Identified the ring of Fruh {rN+ Int+4} (You found it on level 5 of the Crypt)
 70905 | Crypt:5  | Identified a scroll of acquirement
 71139 | Crypt:5  | Got a fine ring mail
 71644 | Crypt:5  | Found a blossoming altar of Fedhas.
 72544 | Elf:3    | Found Loaduesko's Antique Armour Boutique.
 72558 | Elf:3    | Bought a faintly glowing buckler for 342 gold pieces
 72560 | Elf:3    | Identified the +3 buckler of Vurinobb {rPois rF+ Dex-2 Int-3} (You bought it in a shop on level 3 of the Elven Halls)
 72562 | Elf:3    | Bought a glowing shield for 162 gold pieces
 73086 | Elf:3    | Reached XP level 27. HP: 215/215 MP: 46/46
 73239 | Elf:3    | Reached skill level 21 in Spellcasting
 73348 | Elf:3    | Got a heavily runed garnet amulet
 73349 | Elf:3    | Identified the amulet "Inerhiv" {Gourm Str+5 Int+3} (You took it off a deep elf sorcerer on level 3 of the Elven Halls)
 73563 | Elf:3    | Got a glittering platinum amulet
 73611 | Elf:3    | Got an encrusted sling
 74178 | Vaults:5 | Entered Level 5 of the Vaults
 74180 | Vaults:5 | Noticed an ancient lich
 74182 | Vaults:5 | Noticed Saint Roka
 74189 | Vaults:5 | Killed Saint Roka
 74189 | Vaults:5 | Killed an ancient lich
 74597 | Vaults:5 | Identified Iskenderun's Incunabulum of Arcane Weapons and Fire (You found it on level 5 of the Vaults)
 74812 | Vaults:5 | Got a slimy helmet
 74813 | Vaults:5 | Identified the +1 helmet "Bomo" {SInv Curse} (You found it on level 5 of the Vaults)
 74836 | Vaults:5 | Identified the amulet of Onanikli {Faith rC+} (You found it on level 3 of the Elven Halls)
 74931 | Vaults:5 | Noticed an ancient lich
 74998 | Vaults:5 | Killed an ancient lich
 75448 | Vaults:5 | Paralysed by a sphinx for 3 turns
 75575 | Vaults:5 | Got a silver rune of Zot
 75997 | Vaults:5 | Identified the Grimoire of Bodily Humours (You found it on level 5 of the Vaults)
 76002 | Vaults:5 | Got a pair of steaming boots
 76003 | Vaults:5 | Identified the cursed +0 pair of boots of Pandemonium {+Fly rC+ MR++} (You found it on level 5 of the Vaults)
 76017 | Vaults:5 | Got an iridescent spear
 76073 | Vaults:5 | Got an ichor-stained blowgun
 76124 | Vaults:5 | Got a vibrating platinum ring
 76158 | Vaults:5 | Got an iridescent scimitar
 76180 | Vaults:5 | Identified the ring of Fumnad {AC+2 Str+3} (You took it off a frost giant on level 5 of the Vaults)
 76282 | Vaults:5 | Learned a level 1 spell: Magic Dart
 76608 | Depths:1 | Entered Level 1 of the Depths
 76614 | Depths:1 | Reached skill level 1 in Conjurations
 77054 | Depths:1 | Reached skill level 5 in Conjurations
 77280 | Depths:1 | Identified Qudghaab's Reference Book on Augmentations (You found it on level 1 of the Depths)
 78001 | Depths:2 | Found a shattered altar of Ashenzari.
 78029 | Depths:2 | Found a gateway to a ziggurat.
 78029 | Depths:2 | Found a one-way gate to the infinite horrors of the Abyss.
 78061 | Depths:2 | Found a glowing silver altar of Zin.
 78061 | Depths:2 | Found a basalt altar of Yredelemnul.
 78299 | Depths:2 | Cast into the Abyss (deep elf demonologist)
 78312 | Abyss:1  | Got a slimy marble ring
 78379 | Abyss:1  | Found a corrupted altar of Lugonu.
 78384 | Abyss:1  | Reached skill level 10 in Conjurations
 78390 | Abyss:1  | Found a corrupted altar of Lugonu.
 78415 | Depths:2 | Escaped the Abyss
 78506 | Depths:2 | Paralysed by a giant eyeball for 2 turns
 78516 | Depths:2 | Paralysed by a giant eyeball for 2 turns
 78757 | Depths:2 | Learned a level 9 spell: Glaciate
 78792 | Depths:2 | Paralysed by a vampire knight for 5 turns
 78875 | Depths:2 | Reached skill level 1 in Ice Magic
 79008 | Depths:2 | Paralysed by a giant eyeball for 2 turns
 79017 | Depths:2 | Paralysed by a giant eyeball for 3 turns
 79104 | Depths:2 | Reached skill level 5 in Ice Magic
 79141 | Depths:2 | Identified Cher Iba's Collected Works on Twisted Execration (You found it on level 2 of the Depths)
 79246 | Depths:2 | Identified the ring of the Duchess {rElec rN+ Int+2 Stlth+} (You found it on level 1 of the Abyss)
 79362 | Depths:3 | Found a one-way gate leading to the halls of Pandemonium.
 79405 | Depths:3 | Noticed Asterion
 79417 | Depths:3 | Killed Asterion
 79765 | Depths:3 | Got a pitted sling
 80207 | Depths:3 | Reached skill level 10 in Ice Magic
 80721 | Depths:3 | Identified the Tome of Ashen Confrontation (You found it on level 3 of the Depths)
 81967 | Depths:4 | Identified Gievue's Incunabulum of Ignition and Combat Magic
 81971 | Depths:4 | Identified Ozocubu's Papyrus of Cold
 82019 | Depths:5 | Entered Level 5 of the Depths
 82570 | Depths:5 | Chiseanne: ah here you are
 82901 | Depths:5 | Found a gate to the Realm of Zot.
 82935 | Depths:5 | Chiseanne: !beem subscibe
 82935 | Depths:5 | beem: Unknown command. Type !beem help for assistance
 83018 | Depths:5 | Chiseanne: !beem subscribe
 83018 | Depths:5 | beem: Subscribed. I will now watch all games of user Chiseanne
 83518 | Zot:1    | Entered Level 1 of the Realm of Zot
 83574 | Zot:1    | Reached skill level 15 in Ice Magic
 83861 | Zot:1    | kuniqs: ur green sir
 83895 | Zot:1    | kuniqs: & now u white & racist
 84176 | Zot:2    | Noticed an orb of fire
 84183 | Zot:2    | Killed an orb of fire
 84183 | Zot:2    | Reached skill level 15 in Conjurations
 84800 | Zot:2    | Noticed an orb of fire
 84809 | Zot:2    | Gained mutation: Your magical capacity is low (-10% MP). [an orb of fire]
 84822 | Zot:2    | Gained mutation: You have a beak for a mouth. [an orb of fire]
 84825 | Zot:2    | Killed an orb of fire
 85695 | Orc:3    | Bought a potion of agility for 37 gold pieces
 85695 | Orc:3    | Bought a potion of might for 37 gold pieces
 85695 | Orc:3    | Bought a potion of resistance for 105 gold pieces
 85695 | Orc:3    | Bought a potion of brilliance for 37 gold pieces
 85695 | Orc:3    | Bought a potion of brilliance for 37 gold pieces
 85695 | Orc:3    | Bought a potion of invisibility for 82 gold pieces
 85792 | Orc:4    | Bought a potion of might for 45 gold pieces
 85792 | Orc:4    | Bought a potion of might for 45 gold pieces
 85792 | Orc:4    | Bought 2 potions of heal wounds for 108 gold pieces
 85792 | Orc:4    | Bought a potion of heal wounds for 54 gold pieces
 87069 | Zot:3    | Learned a level 3 spell: Ozocubu's Armour
 87591 | Zot:4    | Got a smoking ring mail
 88799 | Zot:5    | Entered Level 5 of the Realm of Zot
 89599 | Zot:5    | Noticed an orb of fire
 89606 | Zot:5    | Killed an orb of fire
 89864 | Zot:5    | Noticed an orb of fire
 89879 | Zot:5    | Gained mutation: Your vision is a little blurry. [an orb of fire]
 89881 | Zot:5    | Killed an orb of fire
 89881 | Zot:5    | Reached skill level 1 in Evocations
 89937 | Zot:5    | Noticed an orb of fire
 89945 | Zot:5    | Gained mutation: You heal slowly when monsters are visible. [an orb of fire]
 89950 | Zot:5    | Killed an orb of fire
 89966 | Zot:5    | Noticed an ancient lich
 90020 | Zot:5    | Noticed an orb of fire
 90030 | Zot:5    | Killed an orb of fire
 90039 | Zot:5    | Noticed an orb of fire
 90049 | Zot:5    | Killed an orb of fire
 90203 | Zot:5    | Reached skill level 5 in Evocations
 90334 | Zot:5    | Noticed an orb of fire
 90335 | Zot:5    | Noticed an orb of fire
 90345 | Zot:5    | Noticed an orb of fire
 90347 | Zot:5    | Gained mutation: You have a fast metabolism. [an orb of fire]
 90355 | Zot:5    | Killed an orb of fire
 90357 | Zot:5    | Noticed an ancient lich
 90366 | Zot:5    | Killed an ancient lich
 90458 | Zot:5    | Noticed an ancient lich
 90463 | Zot:5    | Killed an ancient lich
 90606 | Zot:5    | Noticed an orb of fire
 90607 | Zot:5    | Gained mutation: You are frail (-10% HP). [an orb of fire]
 90615 | Zot:5    | Killed an orb of fire
 90743 | Zot:5    | Got the Orb of Zot
 90744 | Zot:5    | Noticed an orb of fire
 90794 | Zot:5    | Noticed an orb of fire
 90803 | Zot:5    | Killed an orb of fire
 90809 | Zot:5    | Noticed Twid the pandemonium lord
 90816 | Zot:5    | Killed Twid the pandemonium lord
 90823 | Zot:5    | Killed an orb of fire
 90875 | Zot:5    | Killed an ancient lich
 90889 | Zot:5    | Lost mutation: You are frail (-10% HP). [a neqoxec]
 91297 | Depths:1 | Reached skill level 10 in Evocations
 91470 | D:15     | Noticed Pseasmel the pandemonium lord
 91580 | D:8      | Found a basalt altar of Yredelemnul.
 91841 | D:$      | Escaped with the Orb!

Action                   |  1- 3 |  4- 6 |  7- 9 | 10-12 | 13-15 | 16-18 | 19-21 | 22-24 | 25-27 || total
-------------------------+-------+-------+-------+-------+-------+-------+-------+-------+-------++-------
Melee: Short sword       |   221 |    27 |       |       |       |       |       |       |       ||   248
       Unarmed           |       |   365 |   770 |   990 |  1437 |  1136 |  1190 |  1396 |  3558 || 10842
       Flail             |       |       |     8 |       |       |       |       |       |       ||     8
       War axe           |       |       |       |       |   100 |       |       |       |       ||   100
 Fire: Blowgun           |       |       |       |       |     7 |       |       |       |       ||     7
Throw: Javelin           |     4 |    19 |    22 |       |       |       |       |       |     4 ||    49
       Throwing net      |       |     2 |     2 |       |       |       |       |       |       ||     4
       Dart              |       |     7 |       |       |       |       |       |       |       ||     7
       Tomahawk          |       |       |    23 |     5 |     5 |       |       |       |       ||    33
       Stone             |       |       |     5 |       |       |       |       |       |       ||     5
 Cast: Statue Form       |       |       |       |       |    61 |   151 |   147 |   136 |   380 ||   875
       Stoneskin         |       |       |       |       |    12 |   144 |   117 |    91 |   346 ||   710
       Regeneration      |       |       |       |       |     8 |   145 |   148 |   130 |   379 ||   810
       Repel Missiles    |       |       |       |       |       |     2 |    15 |    10 |    26 ||    53
       Glaciate          |       |       |       |       |       |       |       |       |    26 ||    26
       Flight            |       |       |       |       |       |       |       |       |     7 ||     7
       Ozocubu's Armour  |       |       |       |       |       |       |       |       |     1 ||     1
Invok: Temporal Distorti |       |       |       |     2 |       |     2 |     1 |       |    15 ||    20
       Slouch            |       |       |       |     3 |    12 |    18 |    15 |    18 |    35 ||   101
       Step From Time    |       |       |       |       |       |     1 |     2 |       |     6 ||     9
       Bend Time         |       |       |       |       |       |       |     2 |       |       ||     2
 Abil: End Transformatio |       |       |       |       |     6 |     5 |    10 |     3 |    11 ||    35
       Evoke Flight      |       |       |       |       |       |       |       |       |     2 ||     2
Evoke: Wand              |       |       |    15 |    15 |     6 |     3 |       |     3 |    18 ||    60
       Staff of energy   |       |       |       |       |       |       |       |       |    87 ||    87
  Use: Scroll            |       |    13 |    10 |    11 |     8 |    11 |    10 |     5 |    37 ||   105
       Potion            |       |     2 |     4 |     6 |     5 |     5 |     4 |    12 |    24 ||    62
 Stab: Held in net/web   |       |       |     1 |       |       |       |       |       |       ||     1
       Confused          |       |       |     2 |       |       |       |       |       |     1 ||     3
       Invisible         |       |       |       |    10 |       |       |       |       |       ||    10
       Sleeping          |       |       |       |       |     7 |       |     2 |       |     3 ||    12
       Distracted        |       |       |       |       |     3 |     2 |     3 |     2 |     1 ||    11
